 Dungeon Crawl Stone Soup version 0.28.0-45-g0d030f2227 (webtiles) character file.

Game seed: 9713915053105348169

203 zeratav the Insei (level 5, 0/35 HPs)
             Began as an Octopode Transmuter on Apr 7, 2022.
             Slain by a gnoll
             ... wielding a +0 halberd
              (7 damage)
             ... on level 4 of the Dungeon.
             The game lasted 00:06:17 (3071 turns).

zeratav the Insei (Octopode Transmuter)             Turns: 3071, Time: 00:06:18

Health: 0/35       AC:  1    Str: 10    XL:     5   Next: 81%
Magic:  8/8        EV: 13    Int: 15    God:
Gold:   87         SH:  3    Dex: 14    Spells: 7/8 levels left

rFire   . . .      SeeInvis .   a - +0 mace {mace}
rCold   . . .      Faith    .   k - +0 buckler
rNeg    . . .      Spirit   .   (helmet restricted)
rPois   .          Reflect  .   (no amulet)
rElec   .          Harm     .   (no ring)
rCorr   .          Rampage  .   (no ring)
Will    .....                   (no ring)
Stlth   +++.......              (no ring)
HPRegen 0.11/turn               (no ring)
MPRegen 0.11/turn               (no ring)
                                (no ring)
                                (no ring)

@: no status effects
A: almost no armour, amphibious, 8 rings, camouflage 1, gelatinous body 1,
(nimble swimmer 1), tentacles
a: no special abilities


You were on level 4 of the Dungeon.
You visited 1 branch of the dungeon, and saw 4 of its levels.

You collected 87 gold pieces.


Innate Abilities, Weirdness & Mutations

You cannot wear most types of armour.
You are amphibious.
You can wear up to eight rings at the same time.
Your skin changes colour to match your surroundings (Stealth+).
Your rubbery body absorbs attacks. (AC +1, EV +1)
((You are camouflaged when in or above water. (Stealth+)))
You have tentacles for arms and can constrict up to eight enemies at once.


   Skills:
 + Level 2.4 Fighting
 + Level 2.9 Dodging
 + Level 2.9 Stealth
 * Level 4.3 Unarmed Combat
 - Level 2.0 Spellcasting
 + Level 2.9 Transmutations


You had 7 spell levels left.
You knew the following spells:

 Your Spells              Type           Power      Damage    Failure   Level
a - Beastly Appendage     Tmut           20%        N/A       9%          1

Your spell library contained the following spells:

 Spells                   Type           Power      Damage    Failure   Level
 Wereblood                Tmut           10%        N/A       14%         2
 Shock                    Conj/Air       4%         1d3       30%         1
 Spider Form              Tmut/Pois      5%         N/A       45%         3
 Swiftness                Air            1%         N/A       65%         3
 Ice Form                 Ice/Tmut       5%         N/A       86%         4
 Airstrike                Air            0%         N/A       96%         4

Inventory:

Hand Weapons
 a - a +0 mace (weapon) {mace}
   (You found it on level 1 of the Dungeon)
Armour
 k - a +0 buckler (worn)
   (You found it on level 3 of the Dungeon)
Scrolls
 b - 2 scrolls of blinking {unknown}
 f - a scroll of immolation {unknown}
 g - a scroll of identify {unknown}
 i - a scroll of fog {unknown}
 m - a scroll of enchant armour {unknown}
 n - a scroll of vulnerability {unknown}
Potions
 c - a potion of heal wounds {unknown}
 d - 3 potions of curing {unknown}
 e - 3 potions of mutation {unknown}
 h - a potion of lignification {unknown}
 j - a potion of berserk rage {unknown}
 l - a potion of flight {unknown}

Dungeon Overview and Level Annotations

Branches:
Dungeon (4/15)
 Temple: D:4-7

Altars:
Hepliaklqana

Annotations:
D:3 Grinder, Sigmund
D:4 Blork the orc, Eustachio, Natasha

.... .# .. .........# #. ...
#.#... ............###.. ..#
###...... ... ........#...# ..#
#.....##. ... .##.##......#
..####.....##.###.# ## #.....##
...##...#.........## # #...####
......###....#.#...#.#####....##.
.#...## .....##.......##.........
##.### .#.....##@........####....
....###.......gg#........# #.....
#.....#.........###......# #.....
#.....#.........## ....>. #.....
......#.....##...###..### ##.....
.....g......###..#....# #......
......g##.#.##........######.....
............###..<...............
.........##.#.#....###...........


You could see 2 gnolls.


Message History

You regained 3 hp, and now have 22/34 hp.
Your mp is fully restored (8).
A centaur skeleton comes into view.
HP[+1]
You hit the jelly but do no damage.
Your tentacles burn!
You squeeze the jelly! The jelly hits you.
You are splashed with acid!
* * * LOW HITPOINT WARNING * * *
HP[-13]
You take 13 damage, and now have 10/34 hp.
MASSIVE DAMAGE!! (PAUSE)
You barely miss the jelly. You squeeze the jelly. The jelly misses you.
The jelly barely misses you.
You hit the jelly.
You kill the jelly!
The centaur skeleton hits you.
* * * LOW HITPOINT WARNING * * *
The centaur skeleton barely misses you.
The centaur skeleton closely misses you.
You block the centaur skeleton's attack.
HP[-4]
You take 4 damage, and now have 6/34 hp.
You hit the centaur skeleton. You squeeze the centaur skeleton.
The centaur skeleton misses you. The centaur skeleton kicks you.
* * * LOW HITPOINT WARNING * * *
HP[-1]
You take 1 damage, and now have 5/34 hp.
You hit the centaur skeleton. The centaur skeleton barely misses you.
The centaur skeleton closely misses you.
The centaur skeleton hits you but does no damage.
The centaur skeleton kicks you.
* * * LOW HITPOINT WARNING * * *
HP[-1]
You take 1 damage, and now have 4/34 hp.
You hit the centaur skeleton. You squeeze the centaur skeleton!
You destroy the centaur skeleton!
HP[+1]
You now have 35 max hp (+1).
You now have 81 gold pieces (gained 19).
You start resting.
HP[+30]
Your hp is fully restored (35).
Found a scroll labelled GENUOSO NYPA.
Found a stone staircase leading down.
Found a stone staircase leading up.
m - a scroll labelled QEPODW RIZU
b - 2 scrolls labelled GENUOSO NYPA (gained 1)
You now have 87 gold pieces (gained 6).
Found a stone staircase leading up.
Found a faded altar of an unknown god.
Blork the orc comes into view.
He is wielding a +4 quarterstaff.
Found a hazy altar of Hepliaklqana.
Found a stone staircase leading down.
A ball python comes into view.
The helpless ball python fails to defend itself.
You thump the ball python!
You kill the ball python!
A goblin comes into view. It is wielding a +0 club.
The goblin shouts!
The goblin hits you with a +0 club.
HP[-1]
You take 1 damage, and now have 34/35 hp.
You hit the goblin.
You kill the goblin!
HP[+1]
Your hp is fully restored (35).
You see here a +0 club {mace}.
n - a scroll labelled NUNOGA RAHITAP Eustachio the Magnificent comes into view.
He is wielding a +0 falchion.
A gnoll comes into view. It is wielding a +0 halberd.
The gnoll shouts!
An adder comes into view.
A gnoll comes into view. It is wielding a +0 club.
The adder moves out of view.
The gnoll shouts!
You hear a shout! x2
A gnoll comes into view. It is wielding a +0 club.
The gnoll barely misses you.
Natasha, Servant of Life and Death comes into view.
Natasha moves out of view.
The gnoll barely misses you. You block the gnoll's attack.
You barely miss the gnoll. Your grab misses the gnoll.
The gnoll closely misses you.
You closely miss the gnoll. You grab the gnoll. You squeeze the gnoll!
You constrict the gnoll, but do no damage.
The gnoll hits you from afar with a +0 halberd! x2
* * * LOW HITPOINT WARNING * * *
HP[-23]
You take 23 damage, and now have 12/35 hp.
MASSIVE DAMAGE!! (PAUSE)
You barely miss the gnoll. You constrict the gnoll.
The gnoll hits you with a +0 club.
* * * LOW HITPOINT WARNING * * *
You block the gnoll's attack. The gnoll misses you.
HP[-5]
You take 5 damage, and now have 7/35 hp.
You hit the gnoll but do no damage. You constrict the gnoll.
You kill the gnoll!
The gnoll misses you.
You hit the gnoll but do no damage. Your grab misses the gnoll.
The gnoll hits you from afar with a +0 halberd!
You die...

Skill      XL: |  1  2  3  4 |
---------------+-------------+-----
Stealth        | 1 2 |  2.9
Fighting       | 2 |  2.4
Unarmed Combat | 4 |  4.3
Dodging        | |  2.9
Spellcasting   | |  2.0
Transmutations | |  2.9

Action                   |  1- 3 |  4- 6 || total
-------------------------+-------+-------++-------
Melee: Unarmed           |    18 |       ||    18
       Kick              |    20 |       ||    20
       Tentacles         |    18 |     8 ||    26
       Constrict         |    27 |     3 ||    30
       Mace              |    77 |    22 ||    99
       Punch             |     3 |       ||     3
 Cast: Beastly Appendage |    28 |       ||    28
 Stab: Sleeping          |     8 |     1 ||     9
Armor: Skin              |     9 |     1 ||    10
Dodge: Dodged            |    55 |    15 ||    70
Block: Buckler           |     3 |     6 ||     9

Levels and vault maps discovered:
D:1:      dpeg_arrival_shrine, layout_rooms
D:2:      layout_rooms
D:3:      layout_rooms, uniq_crazy_yiuf_cottage, uniq_grinder, uniq_sigmund
D:4:      layout_cave_pools, mainiacjoe_overflow_divided_tiny,
          beargit_hepliaklqana_dungeon_heroes, uniq_natasha, uniq_eustachio

Notes
Turn   | Place    | Note
-------+----------+-------------------------------------------
     0 | D:1      | zeratav the Octopode Transmuter began the quest for the
                  | Orb.
     0 | D:1      | Reached XP level 1. HP: 13/13 MP: 3/3
     0 | D:1      | magus.rc [v1.9.6]
   470 | D:1      | Reached XP level 2. HP: 18/18 MP: 3/5
   986 | D:1      | Reached skill level 1 in Stealth
  1177 | D:2      | Reached XP level 3. HP: 14/23 MP: 6/6
  1316 | D:2      | HP: 3/23 [worm (9)]
  2300 | D:2      | You pick up a book of Air and begin reading...
  2300 | D:2      | You add the spells Shock, Swiftness and Airstrike to your
                  | library.
  2414 | D:3      | Noticed Sigmund
  2421 | D:3      | Noticed Grinder
  2447 | D:4      | Noticed Natasha
  2454 | D:4      | Reached XP level 4. HP: 27/29 MP: 7/7
  2461 | D:4      | Killed Natasha
  2462 | D:4      | Reached skill level 2 in Stealth
  2579 | D:4      | Noticed Natasha
  2588 | D:4      | Killed Natasha
  2589 | D:4      | Reached skill level 2 in Fighting
  2596 | D:4      | Reached skill level 4 in Unarmed Combat
  2596 | D:4      | Reached XP level 5. HP: 22/34 MP: 8/8
  2600 | D:4      | HP: 6/34 [centaur skeleton (4)]
  2929 | D:4      | Found a faded altar of an unknown god.
  2932 | D:4      | Found a hazy altar of Hepliaklqana.
  2932 | D:4      | Noticed Blork the orc
  3024 | D:4      | Noticed Eustachio
  3049 | D:4      | Noticed Natasha
  3069 | D:4      | HP: 7/35 [gnoll/+0 club (5)]
  3071 | D:4      | Slain by a gnoll

Vanquished Creatures
  A jelly (D:4)
  A hound (D:4)
  A centaur skeleton (D:4)
  Natasha (twice) (D:4)
  A gnoll (D:4)
  An adder skeleton (D:4)
  A worm (D:2)
  4 orcs (D:2)
  2 bats (D:2)
  6 endoplasms
  4 giant cockroaches
  5 goblins
  4 hobgoblins
  6 ball pythons
  6 frilled lizards
  2 kobolds (D:2)
  4 rats
51 creatures vanquished.

Table legend:
 A = Non-vault XP
 B = Vault XP
 C = Vault XP percentage of total XP
 D = Non-vault monster count
 E = Vault monster count
 F = Vault count percentage of total count
                 A         B        C        D         E       F
            +---------+---------+-------+---------+---------+-------
      Total |     256 |      35 |  12.0 |      50 |       1 |   2.0
            +---------+---------+-------+---------+---------+-------
        D:1 |      28 |       0 |   0.0 |      18 |       0 |   0.0
        D:2 |      45 |       0 |   0.0 |      22 |       0 |   0.0
        D:3 |       4 |       0 |   0.0 |       2 |       0 |   0.0
        D:4 |     179 |      35 |  16.4 |       8 |       1 |  11.1
            +---------+---------+-------+---------+---------+-------

Illustrated notes

Table legend:
 A = Kills in this place as a percentage of kills in entire the game.
 B = Kills by you in this place as a percentage of kills by you in the entire game.
 C = Kills by friends in this place as a percentage of kills by friends in the entire game.
 D = Other kills in this place as a percentage of other kills in the entire game.
 E = Experience gained in this place as a percentage of experience gained in the entire game.
 F = Experience gained in this place divided by the number of levels of this place that you have seen.
                   A       B       C       D       E      F
               +-------+-------+-------+-------+-------+----------------------
         Total | 100.0 | 100.0 |   N/A |   N/A | 100.0 |  72.8
       Dungeon | 100.0 | 100.0 |   N/A |   N/A | 100.0 |  72.8
               +-------+-------+-------+-------+-------+----------------------

Table legend: (Time is in decaauts)
 A = Elapsed time spent in this place.
 B = Non-inter-level travel time spent in this place.
 C = Inter-level travel time spent in this place.
 D = Time resting spent in this place.
 E = Time spent auto-exploring this place.
 F = Levels seen in this place.
 G = Mean time per level.
                   A        B        C        D        E       F      G
               +--------+--------+--------+--------+--------+-----+--------+
         Total |   3109 |   3046 |     63 |    791 |   1553 |   4 |  777.2 |
       Dungeon |   3109 |   3046 |     63 |    791 |   1553 |   4 |  777.2 |
               +--------+--------+--------+--------+--------+-----+--------+

Top non-repeatable levels by time:
     D:2: 1218 daAuts
     D:1: 1167 daAuts
     D:4: 634 daAuts
     D:3: 88 daAuts
